 Dungeon Crawl Stone Soup version 0.17-a0-2069-g0f4ee5b (webtiles) character file.

65 tp1 the Vexing (level 3, -4/19 HPs)
             Began as a Deep Elf Enchanter on Oct 13, 2015.
             Slain by a worm (11 damage)
             ... on level 3 of the Dungeon.
             The game lasted 00:15:37 (2731 turns).

tp1 the Vexing (Deep Elf Enchanter)                 Turns: 2731, Time: 00:15:37

Health: -4/19      AC:  4    Str:  5    XL:     3   Next: 92%
Magic:  2/10       EV: 14    Int: 20    God:
Gold:   87         SH:  0    Dex: 21    Spells: 3 memorised, 3 levels left

rFire  . . .     SeeInvis .     a - +1 dagger
rCold  . . .     Clarity  .     b - +1 robe
rNeg   . . .     SustAt   .     (no shield)
rPois  .         Gourm    .     (no helmet)
rElec  .         Spirit   .     (no cloak)
rCorr  .         Warding  .     r - +0 pair of gloves
rMut   .         Stasis   .     (no boots)
MR     .....                    (no amulet)
Stlth  +++.......               (no ring)
                                o - +6 ring of dexterity

@: not resistant to hostile enchantments, fairly stealthy
A: no striking features
a: no special abilities


You were on level 3 of the Dungeon.
You were not hungry.

You visited 1 branch of the dungeon, and saw 3 of its levels.

You collected 87 gold pieces.

Inventory:

Hand Weapons
 a - a +1 dagger (weapon)
Armour
 b - a +1 robe (worn)
 r - a +0 pair of gloves (worn)
Jewellery
 o - a +6 ring of dexterity (left hand)
Wands
 u - a wand of digging (6)
Scrolls
 g - 2 scrolls of enchant weapon {unknown}
 h - a scroll of blinking {unknown}
 j - 2 scrolls of remove curse {unknown}
 k - a scroll of teleportation {unknown}
 l - 2 scrolls of identify {unknown}
 s - a scroll of enchant armour {unknown}
 v - a scroll of magic mapping {unknown}
Potions
 e - a potion of heal wounds {unknown}
 i - 3 potions of curing {unknown}
 n - 2 potions of flight {unknown}
 p - a potion of lignification {unknown}
 q - a potion of poison {unknown}
 t - a potion of mutation {unknown}
Books
 c - a book of Maledictions

   Spells                             Type                      Level
   a - Corona                         Hexes                        1
   b - Ensorcelled Hibernation        Hexes/Ice                    2
   c - Confuse                        Hexes                        3
   d - Tukima's Dance                 Hexes                        3
   e - Dazzling Spray                 Conjuration/Hexes            3
Comestibles
 f - a beef jerky
 m - a royal jelly


   Skills:
 + Level 0.1 Fighting
 + Level 1.0 Short Blades
 + Level 3.0 Dodging
 + Level 4.1 Stealth
 + Level 4.0 Spellcasting
 + Level 5.0 Hexes


You had 3 spell levels left.
You knew the following spells:

 Your Spells              Type           Power        Failure   Level  Hunger
a - Corona                Hex            ###....      1%          1    None
b - Confuse               Hex            ###.....     6%          3    ###....
c - Dazzling Spray        Conj/Hex       ##......     14%         3    ###....


Dungeon Overview and Level Annotations

Branches:
Dungeon (3/15)

Altars:
Dithmenos


Message History

Aim: a worm The spray of energy hits the worm.
The worm is moderately wounded.
The worm is dazzled.
The worm is no longer blind.
The worm bites you but does no damage.
You hit the worm.
The worm is moderately wounded.
You hit the worm.
The worm is severely wounded.
The worm barely misses you.
You hit the worm but do no damage.
The worm is severely wounded.
Casting: Dazzling Spray
Confirm with . or Enter, or press ? or * to list all spells.
Aiming: Corona
Press: ? - help, Shift-Dir - straight line, f/p - worm
Aim: a worm (severely wounded, chance to defeat MR: 72%)
The worm barely resists.
The worm bites you!
Ouch! That really hurt!
You die...

.. ##.##...##.... ...
###########..##....(.(.. ...#
##.....#.....##....##(...
....##...[.<..........[.######
.....................#...#
#...##...............#...#
..####...............#..^#
....................#####
#####........@......#
#[......w.......######
##.............##....##
#......#.....##......#
....####.#####.........# ####
#..#...........##
##........#..### ##..........#
##......##....


You could see a worm.

Vanquished Creatures
  3 adders
  An ooze (D:1)
  2 worms (D:2)
  3 bats
  3 goblins (D:2)
  A hobgoblin (D:2)
  5 giant cockroaches
  2 giant newts (D:1)
  11 kobolds
  4 rats
35 creatures vanquished.

Notes
Turn   | Place    | Note
--------------------------------------------------------------
     0 | D:1      | tp1 the Deep Elf Enchanter began the quest for the Orb.
     0 | D:1      | Reached XP level 1. HP: 10/10 MP: 6/6
   542 | D:1      | Reached XP level 2. HP: 12/15 MP: 6/8
  1477 | D:2      | Reached XP level 3. HP: 19/19 MP: 7/9
  1482 | D:2      | Learned a level 3 spell: Confuse
  1486 | D:2      | Learned a level 3 spell: Dazzling Spray
  2280 | D:2      | Found a shadowy altar of Dithmenos.
  2630 | D:3      | Reached skill level 5 in Hexes
  2731 | D:3      | Slain by a worm

Vault maps used:
D:1:      zaba_arrival_water
D:2:      grunt_dithmenos_smoke_and_mirrors, serial_glass, glass_columns_a,
          glass_columns_a, uniq_robin, uniq_sigmund
D:3:      lemuel_zombie_altar_yredelemnul, first_bread

Action                   || total
-------------------------++-------
Melee: Dagger            ||    88
 Cast: Corona            ||    43
       Dazzling Spray    ||    17
 Stab: Invisible         ||     2
  Eat: Bread ration      ||     2
       Chunk             ||     1
